 Dungeon Crawl Stone Soup version 0.29-a0-392-g297d3b089c (webtiles) character file.

Game seed: 4556530185810193390

1711 croobank the Firebug (level 9, -2/65 HPs)
             Began as a Gnoll Fire Elementalist on May 9, 2022.
             Was an Initiate of Gozag.
             Slain by Duvessa
             ... wielding a +0 short sword
              (14 damage)
             ... on level 6 of the Dungeon.
             The game lasted 00:21:46 (6701 turns).

croobank the Firebug (Gnoll Fire Elementalist)      Turns: 6701, Time: 00:21:47

Health: -2/65      AC:  4    Str: 14    XL:     9   Next: 4%
Magic:  1/18       EV: 14    Int: 18    God:    Gozag
Gold:   1847       SH:  0    Dex: 13    Spells: 4/20 levels left

rFire   . . .      SeeInvis +   a - +1 mace (venom)
rCold   . . .      Faith    .   (no shield)
rNeg    . . .      Spirit   .   r - +0 robe of Tuunae {rPois Will- Str+6}
rPois   +          Reflect  .   x - +0 helmet
rElec   .          Harm     .   (no cloak)
rCorr   .          Rampage  .   E - +0 pair of gloves
Will    .....                   (no boots)
Stlth   +++.......              (no amulet)
HPRegen 0.20/turn               o - ring of see invisible
MPRegen 0.16/turn               (no ring)

@: mighty
A: fangs 1, strong nose, distributed training
a: Renounce Religion, Potion Petition, Call Merchant, Bribe Branch


You were on level 6 of the Dungeon.
You worshipped Gozag.
Gozag was most pleased with you.
You visited 2 branches of the dungeon, and saw 7 of its levels.

You collected 1900 gold pieces.
You paid 53 gold pieces to Gozag.

Inventory:

Hand Weapons
 a - a +1 mace of venom (weapon)
 b - a +0 hunting sling of flaming
 g - a +1 short sword of speed
 v - a +1 whip of venom
 y - a +3 dagger of freezing
 A - a +2 dagger of electrocution
 B - a +0 battleaxe
 C - a +2 short sword of draining
Missiles
 d - 11 poisoned darts
 j - 6 atropa-tipped darts
 n - 179 stones
Armour
 f - a +0 ring mail
 k - a +0 leather armour
 r - the +0 robe of Tuunae (worn) {rPois Will- Str+6}
   (You found it on level 2 of the Dungeon)

   Str:       It affects your strength (+6).
   rPois:     It protects you from poison.
   Will:      It decreases your willpower.
 x - a +0 helmet (worn)
 E - a +0 pair of gloves (worn)
Jewellery
 o - a ring of see invisible (left hand)
Wands
 u - a wand of iceblast (6)
Scrolls
 q - a scroll of poison
 s - a scroll of fear
 t - 3 scrolls of identify
 z - a scroll of teleportation
Potions
 c - a potion of resistance
 e - a potion of cancellation
 h - a potion of invisibility
 i - a potion of magic
 l - a potion of lignification
 m - 4 potions of curing
 p - 2 potions of might
 w - a potion of attraction {unknown}
 F - a potion of mutation {unknown}


   Skills:
 + Level 3.8 Fighting
 + Level 3.8 Short Blades
 + Level 3.8 Long Blades
 + Level 3.8 Axes
 + Level 3.8 Maces & Flails
 + Level 3.8 Polearms
 + Level 3.8 Staves
 + Level 3.8 Slings
 + Level 3.8 Bows
 + Level 3.8 Crossbows
 + Level 3.8 Throwing
 + Level 3.8 Armour
 + Level 6.0 Dodging
 + Level 5.7 Stealth
 + Level 3.8 Shields
 + Level 3.8 Unarmed Combat
 + Level 6.3 Spellcasting
 + Level 3.8 Conjurations
 + Level 3.1 Hexes
 + Level 3.1 Summonings
 + Level 3.1 Necromancy
 + Level 3.1 Translocations
 + Level 3.1 Transmutations
 + Level 6.3 Fire Magic
 + Level 3.1 Ice Magic
 + Level 3.1 Air Magic
 + Level 3.1 Earth Magic
 + Level 3.1 Poison Magic
 + Level 4.2 Invocations
 + Level 3.8 Evocations


You had 4 spell levels left.
You knew the following spells:

 Your Spells              Type           Power      Damage    Failure   Level
a - Foxfire               Conj/Fire      96%        2x1d8     1%          1
b - Scorch                Fire           56%        2d7       1%          2
c - Flame Wave            Conj/Fire      24%        2d7       14%         4
d - Sticky Flame          Conj/Fire      24%        2d5       14%         4
e - Ensorcelled Hibernat  Hex/Ice        34%        N/A       4%          2
f - Stone Arrow           Conj/Erth      36%        3d9       9%          3

Your spell library contained the following spells:

 Spells                   Type           Power      Damage    Failure   Level
 Beastly Appendage        Tmut           34%        N/A       3%          1
 Sandblast                Erth           34%        2d9       3%          1
 Passwall                 Tmut/Erth      14%        N/A       4%          2
 Wereblood                Tmut           17%        N/A       4%          2
 Conjure Flame            Conj/Fire      24%        6-21      4%          3
 Inner Flame              Hex/Fire       22%        N/A       4%          3
 Ignite Poison            Fire/Tmut/Pois 20%        N/A       6%          3
 Spider Form              Tmut/Pois      17%        N/A       10%         3
 Swiftness                Air            17%        N/A       10%         3
 Summon Lightning Spire   Summ/Air       17%        N/A       32%         4
 Storm Form               Tmut/Air       8%         N/A       100%        7
 Maxwell's Capacitive Co  Air            8%         ∞         100%        8


Dungeon Overview and Level Annotations

Branches:
Dungeon (6/15)             Temple (1/1) D:4

Altars:
Ashenzari
Cheibriados
Dithmenos
Elyvilon
Fedhas
Gozag
Hepliaklqana
Kikubaaqudgha
Makhleb
Nemelex Xobeh
Okawaru
Qazlal
Ru
Sif Muna
Trog
Uskayaw
Vehumet
Wu Jian
Xom
Yredelemnul
Zin
The Shining One

Annotations:
D:4 3 runed translucent doors, Heh's ghost, amateur OpWz
D:6 Duvessa


Innate Abilities, Weirdness & Mutations

You have very sharp teeth.
Your uncanny sense of smell can sniff out nearby items.
Your experience applies equally to all skills.


Message History

You kill Dowan!
You hear a distant scream of rage.
You start resting.
Duvessa, Sister of Dowan comes into view.
She is wielding a +0 short sword.
Casting: Scorch (safe; 1% risk of failure)
Confirm with . or Enter, or press ? or * to list all spells.
Aiming: Ensorcelled Hibernation (safe; 4% risk of failure)
Press: ? - help, Shift-Dir - straight line, f - Duvessa
Aim: Duvessa, wielding a +0 short sword and wearing a +0 leather armour (chance to affect: 32%) Duvessa easily resists.
Duvessa goes berserk!
Duvessa rages.
You hear a shout!
Casting: Ensorcelled Hibernation (safe; 4% risk of failure)
Confirm with . or Enter, or press ? or * to list all spells.
Flames lash Duvessa.
Duvessa is lightly wounded.
Duvessa's fire resistance burns away.
Duvessa barely misses you.
Okay, then.
You feel very mighty all of a sudden. Duvessa hits you with a +0 short sword.
Duvessa completely misses you.
You sock Duvessa!
Duvessa is poisoned.
You punch Duvessa, but do no damage. You bite Duvessa, but do no damage.
Duvessa is moderately wounded.
Duvessa is distracted by your dazzling golden aura.
Duvessa shouts!
You thump Duvessa!
Duvessa looks as sick as possible!
Duvessa is no longer distracted by gold.
You bite Duvessa!
Duvessa is severely wounded.
Duvessa hits you with a +0 short sword!
You closely miss Duvessa.
Duvessa is almost dead.
Duvessa is no longer more vulnerable to fire.
Duvessa hits you with a +0 short sword! x2
* * * LOW HITPOINT WARNING * * *
You barely miss Duvessa.
Duvessa is almost dead.
Duvessa hits you with a +0 short sword!
You die...
Your body crumbles into a pile of gold.

$ ######....#...# #.
#.##.#.### #. #.##...# $
# #. #.###.## .###.######
#.###[### .........#
#.#.?.).# #.. #..#
#.#.###)##
#####..###..####...# #...
......$e@........#.###.##
#####..###..####.#.....#
#.$ #..####.###.### #..
.............#
.......###########
##K###### #. #.


You could see Duvessa (berserk, extremely poisoned).

Vanquished Creatures
  4 yaks
  Edmund (D:5)
  A black bear (D:6)
  An ogre (D:3)
  2 kobold brigands
  Blork the orc (D:5)
  2 necrophages (D:5)
  A scorpion (D:3)
  Dowan (D:6)
  A howler monkey (D:5)
  2 orc priests (D:6)
  An iguana (D:5)
  An orc wizard (D:5)
  11 gnolls
  3 adders
  A white imp (D:6)
  An ufetubus (D:5)
  A worm (D:3)
  4 dart slugs
  10 orcs
  5 ball pythons
  4 endoplasms
  2 giant cockroaches
  14 goblins
  17 hobgoblins
  2 jackals (D:1)
  3 quokkas
  4 bats
  7 frilled lizards
  20 kobolds
  7 rats
135 creatures vanquished.

Vanquished Creatures (others)
  204 foxfires
  3 plants (D:4)
207 creatures vanquished.

Grand Total: 342 creatures vanquished

Notes
Turn   | Place    | Note
-------+----------+-------------------------------------------
     0 | D:1      | croobank the Gnoll Fire Elementalist began the quest for
                  | the Orb.
     0 | D:1      | Reached XP level 1. HP: 13/13 MP: 6/6
   118 | D:1      | Reached XP level 2. HP: 19/19 MP: 4/7
   121 | D:1      | Learned a level 2 spell: Scorch
   863 | D:2      | Identified the +0 robe of Tuunae {rPois Will- Str+6}
   913 | D:2      | Reached XP level 3. HP: 25/25 MP: 7/9
   950 | D:2      | Reached skill level 5 in Spellcasting
  1114 | D:2      | Reached skill level 1 in Invocations
  1415 | D:2      | Found a faded altar of an unknown god.
  1739 | D:2      | Reached skill level 1 in Fighting
  1739 | D:2      | Reached skill level 1 in Short Blades
  1739 | D:2      | Reached skill level 1 in Long Blades
  1739 | D:2      | Reached skill level 1 in Axes
  1739 | D:2      | Reached skill level 1 in Maces & Flails
  1739 | D:2      | Reached skill level 1 in Polearms
  1739 | D:2      | Reached skill level 1 in Staves
  1739 | D:2      | Reached skill level 1 in Slings
  1739 | D:2      | Reached skill level 1 in Bows
  1739 | D:2      | Reached skill level 1 in Crossbows
  1739 | D:2      | Reached skill level 1 in Throwing
  1739 | D:2      | Reached skill level 1 in Armour
  1739 | D:2      | Reached skill level 1 in Shields
  1739 | D:2      | Reached skill level 1 in Unarmed Combat
  1739 | D:2      | Reached skill level 1 in Evocations
  1739 | D:2      | Reached XP level 4. HP: 32/32 MP: 3/11
  1824 | D:3      | Noticed a scorpion
  1831 | D:3      | Killed a scorpion
  1832 | D:3      | Reached skill level 1 in Hexes
  1832 | D:3      | Reached skill level 1 in Summonings
  1832 | D:3      | Reached skill level 1 in Necromancy
  1832 | D:3      | Reached skill level 1 in Translocations
  1832 | D:3      | Reached skill level 1 in Transmutations
  1832 | D:3      | Reached skill level 1 in Ice Magic
  1832 | D:3      | Reached skill level 1 in Air Magic
  1832 | D:3      | Reached skill level 1 in Earth Magic
  1832 | D:3      | Reached skill level 1 in Poison Magic
  1832 | D:3      | Reached XP level 5. HP: 37/37 MP: 5/12
  1839 | D:3      | Learned a level 4 spell: Flame Wave
  2160 | D:3      | Noticed an ogre
  2164 | D:3      | Killed an ogre
  2165 | D:3      | Reached XP level 6. HP: 44/44 MP: 8/13
  2256 | D:3      | Identified a scroll of acquirement
  2256 | D:3      | Acquired 1287 gold pieces
  2650 | D:3      | Learned a level 4 spell: Sticky Flame
  2653 | D:3      | Learned a level 2 spell: Ensorcelled Hibernation
  2839 | D:4      | Noticed a yak
  2840 | D:4      | Noticed a yak
  2852 | D:3      | Killed a yak
  2853 | D:3      | Reached skill level 5 in Dodging
  2988 | D:4      | Noticed a yak
  2989 | D:4      | Noticed a yak
  2993 | D:3      | Killed a yak
  2994 | D:3      | Reached XP level 7. HP: 23/51 MP: 8/15
  3522 | D:4      | Found a staircase to the Ecumenical Temple.
  3550 | Temple   | Entered the Ecumenical Temple
  3605 | Temple   | Became a worshipper of Gozag Ym Sagoz the Greedy
  3900 | D:4      | Found a runed translucent gate.
  3902 | D:4      | Found a runed translucent gate.
  3902 | D:4      | Noticed Heh's ghost (amateur OpWz)
  3903 | D:4      | Found a runed translucent gate.
  4145 | D:4      | Reached skill level 5 in Stealth
  5088 | D:4      | Killed a yak
  5089 | D:4      | Reached XP level 8. HP: 14/57 MP: 1/16
  5089 | D:4      | Killed a yak
  5441 | D:5      | Entered Level 5 of the Dungeon
  5622 | D:5      | Learned a level 3 spell: Stone Arrow
  5657 | D:5      | Found an ornate altar of the Wu Jian Council.
  5885 | D:5      | Noticed Edmund
  5893 | D:5      | Killed Edmund
  6185 | D:5      | Noticed Blork the orc
  6189 | D:5      | Killed Blork the orc
  6684 | D:6      | Reached XP level 9. HP: 56/65 MP: 12/18
  6689 | D:6      | Noticed Dowan
  6692 | D:6      | Killed Dowan
  6694 | D:6      | Noticed Duvessa
  6701 | D:6      | Slain by Duvessa

Illustrated notes

Levels and vault maps discovered:
D:1:      psy_arrival_basics, layout_basic, serial_forest,
          infiniplex_forest_diagonal, infiniplex_forest_clump_double,
          infiniplex_forest_lined_room_, infiniplex_forest_lined_room_,
          infiniplex_forest_corner_1, minmay_surrounded
D:2:      layout_basic, shapermc_ecumenical_altar_pompeii
D:3:      layout_basic, chequers_avenue, chequers_serial_rivers_micro_c
D:4:      corexii_shantytown, layout_rooms, minmay_temple_entry_mist,
          gammafunk_ghost_nasty_kobolds
D:5:      layout_basic, nicolae_wu_jian_wuxing_cycle, uniq_edmund,
          uniq_blork_the_orc
D:6:      layout_loops_ring, serial_shops, shop, uniq_duvessa,
          uniq_crazy_yiuf_cottage, uniq_sigmund
Temple:   compressed_dpeg_triangle_lava_temple

Skill      XL: |  1  2  3  4  5  6  7  8 |
---------------+-------------------------+-----
Conjurations   | 2 3 |  3.8
Spellcasting   | 5 6 |  6.3
Invocations    | 1 2 3 4 |  4.2
Fighting       | 1 2 3 |  3.8
Short Blades   | 1 2 3 |  3.8
Long Blades    | 1 2 3 |  3.8
Axes           | 1 2 3 |  3.8
Maces & Flails | 1 2 3 |  3.8
Polearms       | 1 2 3 |  3.8
Staves         | 1 2 3 |  3.8
Slings         | 1 2 3 |  3.8
Bows           | 1 2 3 |  3.8
Crossbows      | 1 2 3 |  3.8
Throwing       | 1 2 3 |  3.8
Armour         | 1 2 3 |  3.8
Shields        | 1 2 3 |  3.8
Unarmed Combat | 1 2 3 |  3.8
Evocations     | 1 2 3 |  3.8
Hexes          | 1 2 3 |  3.1
Summonings     | 1 2 3 |  3.1
Necromancy     | 1 2 3 |  3.1
Translocations | 1 2 3 |  3.1
Transmutations | 1 2 3 |  3.1
Ice Magic      | 1 2 3 |  3.1
Air Magic      | 1 2 3 |  3.1
Earth Magic    | 1 2 3 |  3.1
Poison Magic   | 1 2 3 |  3.1
Dodging        | 5 6 |  6.0
Stealth        | 5 |  5.7
Fire Magic     | 6 |  6.3

Action                   |  1- 3 |  4- 6 |  7- 9 || total
-------------------------+-------+-------+-------++-------
Melee: Mace              |     4 |     3 |    23 ||    30
       Bite              |       |       |     4 ||     4
       Punch             |       |       |     2 ||     2
 Cast: Foxfire           |    29 |    27 |    61 ||   117
       Scorch            |    18 |    21 |    71 ||   110
       Ensorcelled Hiber |       |     1 |     1 ||     2
       Flame Wave        |       |       |     1 ||     1
Evoke: Wand              |       |       |     1 ||     1
  Use: Scroll            |       |     6 |    12 ||    18
       Potion            |       |       |     4 ||     4
Armor: Robe              |     1 |     1 |     8 ||    10
       Skin              |       |       |     1 ||     1
Dodge: Dodged            |     4 |    11 |    38 ||    53

Table legend: (Time is in decaauts)
 A = Elapsed time spent in this place.
 B = Non-inter-level travel time spent in this place.
 C = Inter-level travel time spent in this place.
 D = Time resting spent in this place.
 E = Time spent auto-exploring this place.
 F = Levels seen in this place.
 G = Mean time per level.
                   A        B        C        D        E       F      G
               +--------+--------+--------+--------+--------+-----+--------+
         Total |   6698 |   6502 |    196 |   1634 |   3790 |   7 |  956.9 |
       Dungeon |   6357 |   6172 |    185 |   1634 |   3481 |   6 | 1059.5 |
        Temple |    341 |    330 |     11 |      0 |    309 |   1 |  341.0 |
               +--------+--------+--------+--------+--------+-----+--------+

Top non-repeatable levels by time:
     D:4: 1840 daAuts
     D:3: 1445 daAuts
     D:5: 1086 daAuts
     D:2: 966 daAuts
     D:1: 842 daAuts
  Temple: 341 daAuts
     D:6: 177 daAuts
